 Dungeon Crawl Stone Soup version 0.25.1-2-g60ff931df9 (webtiles) character file.

Game seed: 17274215513064540029

1312 sankara the Conjurer (level 8, -16/63 HPs)
             Began as a White Draconian Fire Elementalist on Sept 9, 2020.
             Was an Initiate of Vehumet.
             Demolished by an orc warrior
             ... wielding a +0 battleaxe
              (21 damage)
             ... on level 6 of the Dungeon.
             The game lasted 00:27:26 (7377 turns).

sankara the Conjurer (DrFE)                         Turns: 7377, Time: 00:27:26

Health: -16/63     AC:  7    Str: 12    XL:     8   Next: 32%
Magic:  17/30      EV: 14    Int: 17    God:    Vehumet [......]
Gold:   281        SH:  0    Dex: 11    Spells: 4/13 levels left

rFire    . . .     SeeInvis .   a - +1 dagger (protect)
rCold    + . .     Gourm    .   (no shield)
rNeg     . . .     Faith    .   (armour unavailable)
rPois    .         Spirit   .   (helmet restricted)
rElec    .         Reflect  .   (no cloak)
rCorr    .         Harm     .   (no gloves)
MR       .....                  C - +0 pair of boots
Stlth    ++........             (no amulet)
HPRegen  0.20/turn              k - ring of magical power
MPRegen  0.22/turn              l - ring of magical power

@: short of breath, very slightly contaminated
A: breathe frost, unfitting armour, cold resistance 1, cold-blooded, AC +6
a: Breathe Frost, Renounce Religion


You were on level 6 of the Dungeon.
You worshipped Vehumet.
Vehumet was noncommittal.
You were not hungry.

You visited 1 branch of the dungeon, and saw 6 of its levels.
You also visited: Sewer.

You collected 281 gold pieces.

Inventory:

Hand Weapons
 a - a +1 dagger of protection (weapon)
 b - a +0 short sword
 t - a +0 hunting sling
 A - a +0 dagger of protection
 E - a +1 dagger of speed
 G - a +0 hand crossbow
Missiles
 i - 235 stones (quivered)
 p - 14 boomerangs
 u - 17 poisoned darts
 D - 13 sling bullets
Armour
 C - a +0 pair of boots (worn)
 H - the +0 kite shield of Elyvilon's Whim {rC+ Str+4}
   (You found it on level 5 of the Dungeon)

   It affects your strength (+4).
   It protects you from cold.
Jewellery
 d - an uncursed ring of protection from cold
 k - a ring of magical power (left hand)
 l - a ring of magical power (right hand)
 F - an uncursed ring of magical power
Wands
 r - a wand of flame (5)
Scrolls
 c - 3 scrolls of immolation {unknown}
 g - a scroll of enchant weapon {unknown}
 m - 6 scrolls of remove curse {unknown}
 n - a scroll of enchant armour {unknown}
 o - 6 scrolls of identify {unknown}
 q - 2 scrolls of blinking {unknown}
 w - 5 scrolls of teleportation {unknown}
 y - 2 scrolls of fear {unknown}
Potions
 f - 4 potions of curing
 h - a potion of heal wounds {unknown}
 j - 3 potions of degeneration {unknown}
 s - 3 potions of flight {unknown}
 v - a potion of berserk rage {unknown}
 x - 5 potions of haste {unknown}
 z - a potion of might {unknown}
 B - a potion of lignification {unknown}
Comestibles
 e - 12 rations
 I - 2 chunks of flesh


   Skills:
 - Level 3.0 Fighting
 - Level 1.0 Short Blades
 + Level 4.8 Dodging
 - Level 3.0 Stealth
 - Level 3.0 Spellcasting
 + Level 5.2 Conjurations
 - Level 5.0 Fire Magic


You had 4 spell levels left.
You knew the following spells:

 Your Spells              Type           Power        Failure   Level  Hunger
a - Foxfire               Conj/Fire      ###.         2%          1    None
b - Conjure Flame         Conj/Fire      ###.....     6%          3    ###....
c - Sticky Flame          Conj/Fire      ###.....     22%         4    ####...
d - Sandblast             Erth           #.....       17%         1    None

Your spell library contained the following spells:

 Spells                   Type           Power        Failure   Level  Hunger
 Inner Flame              Hex/Fire       ##......     19%         3    ###....
 Stone Arrow              Conj/Erth      ##....       19%         3    ###....
 Passwall                 Tmut/Erth      #.......     26%         2    ##.....
 Petrify                  Tmut/Erth      #.......     86%         4    ####...
 Fireball                 Conj/Fire      ###.......   52%         5    ######.
 Lee's Rapid Deconstruct  Erth           #.........   99%         5    ######.


Dungeon Overview and Level Annotations

Branches:
Dungeon (6/15)              Sewer (visited)
 Temple: D:4-7

Altars:
Gozag
Vehumet
Xom
Yredelemnul
Zin
The Shining One


Innate Abilities, Weirdness & Mutations

You can breathe waves of freezing cold.
You can buffet flying creatures when you breathe cold.
Your icy white scales are hard. (AC +6)
You cannot fit into any form of body armour.
Your flesh is cold resistant. (rC+)
You are cold-blooded and may be slowed by cold attacks.


Message History

Confirm with . or Enter, or press ? or * to list all spells.
You conjure some foxfire!
The foxfire hits the orc warrior but does no damage.
The orc warrior is moderately wounded.
The foxfire hits the orc warrior but does no damage.
The orc warrior is moderately wounded.
The orc wizard barely misses you.
The orc warrior hits you with a +0 battleaxe.
* * * LOW HITPOINT WARNING * * *
Casting: Foxfire (safe; 2% risk of failure)
Confirm with . or Enter, or press ? or * to list all spells.
You conjure some foxfire!
The foxfire hits the orc wizard but does no damage.
The orc wizard is heavily wounded.
The foxfire hits the orc wizard.
The orc wizard is severely wounded.
The orc wizard hits you but does no damage.
The orc wizard barely misses you.
The orc warrior hits you with a +0 battleaxe!!
You die...

########
#§§v...#
#)@v...#
#)oo...#
#.(....#
#......#
#......#
#......#
#.......
#.....###


You could see an orc warrior and an orc wizard (fast).

Vanquished Creatures
  Grinder (D:3)
  2 sky beasts (D:5)
  2 ogres
  A centaur (D:5)
  3 hounds
  Natasha (thrice) (D:2)
  An iguana (D:5)
  2 worker ants (D:5)
  6 orc wizards
  2 hound zombies (D:5)
  A howler monkey skeleton (D:5)
  10 adders
  An ooze (D:3)
  2 adder zombies (D:5)
  A worm (D:2)
  2 dart slugs
  4 leopard geckos
  9 orcs
  6 bats
  7 giant cockroaches
  10 goblins
  7 hobgoblins
  11 jackals
  6 ball pythons
  9 frilled lizards
  9 kobolds
  A quokka skeleton (D:4)
  17 rats
136 creatures vanquished.

Vanquished Creatures (others)
  An orc wizard (D:5)
  506 foxfires
507 creatures vanquished.

Grand Total: 643 creatures vanquished

Notes
Turn   | Place    | Note
-------+----------+-------------------------------------------
     0 | D:1      | sankara the Draconian Fire Elementalist began the quest for
                  | the Orb.
     0 | D:1      | Reached XP level 1. HP: 14/14 MP: 3/3
   258 | D:1      | Reached XP level 2. HP: 20/20 MP: 3/5
   741 | D:1      | Reached XP level 3. HP: 26/26 MP: 4/6
   948 | D:1      | Learned a level 3 spell: Conjure Flame
  1439 | D:2      | Found a glowing silver altar of Zin.
  1439 | D:2      | Found a shimmering altar of Xom.
  1439 | D:2      | Noticed an angel
  1553 | D:2      | Reached skill level 1 in Short Blades
  1643 | D:2      | Noticed Natasha
  1649 | D:2      | Killed Natasha
  1649 | D:2      | Reached XP level 4. HP: 22/33 MP: 7/7
  2039 | D:2      | Noticed Natasha
  2046 | D:2      | Killed Natasha
  2177 | D:2      | Found a glowing golden altar of the Shining One.
  2183 | D:2      | Noticed Natasha
  2190 | D:2      | Killed Natasha
  2190 | D:2      | Reached XP level 5. HP: 27/38 MP: 8/8
  2816 | D:3      | Found a glowing drain.
  2831 | Sewer    | Entered a sewer
  3621 | D:2      | Learned a level 4 spell: Sticky Flame
  3749 | D:3      | Found a radiant altar of Vehumet.
  3830 | D:3      | Noticed Grinder
  3849 | D:3      | Killed Grinder
  3849 | D:3      | Reached skill level 1 in Fighting
  3849 | D:3      | Reached XP level 6. HP: 33/47 MP: 10/10
  4166 | D:3      | Found an opulent altar of Gozag.
  4239 | D:3      | Your scales start taking on an icy white colour.
  4239 | D:3      | Reached XP level 7. HP: 43/53 MP: 11/11
  4239 | D:3      | Gained mutation: Your flesh is cold resistant. (rC+) [White
                  | Draconian growth]
  4343 | D:3      | You fall into a shaft and drop 2 floors!
  4343 | D:5      | Entered Level 5 of the Dungeon
  4790 | D:3      | Became a worshipper of Vehumet
  5080 | D:4      | Found a basalt altar of Yredelemnul.
  6237 | D:5      | Learned a level 1 spell: Sandblast
  6560 | D:5      | Got a brightly glowing kite shield
  6566 | D:5      | Identified the +0 kite shield of Elyvilon's Whim {rC+
                  | Str+4} (You found it on level 5 of the Dungeon)
  6636 | D:5      | Reached XP level 8. HP: 54/63 MP: 12/12
  7053 | D:5      | Reached skill level 5 in Conjurations
  7291 | D:5      | Reached skill level 5 in Fire Magic
  7377 | D:6      | Demolished by an orc warrior

Illustrated notes

Levels and vault maps discovered:
D:1:      dpeg_arrival_houses_and_road, layout_basic, minmay_pentomino_s2
D:2:      layout_basic, grunt_temple_overflow_order_and_chaos_1,
          old_standard_altar, uniq_natasha, uniq_crazy_yiuf_cottage
D:3:      layout_rooms, grunt_gozag_breadcrumbs, fiery_altar_vehumet,
          portal_sewer_entry_d, serial_co_window_serial, co_window_corner_a,
          co_window_corner_a, co_window_paths_b, co_window_paths_b,
          co_window_paths_b, co_window_of_opportunity_a,
          co_window_unsneaky_path_b, co_window_broadway_a, co_window_corner_b,
          co_window_broadway_c, uniq_grinder
D:4:      minmay_wonky_spiral, layout_loops_ring, first_ration,
          hangedman_abyss_or_decor_jellyfish_corner, yredelemnul_altar_generic
D:5:      layout_gridville
D:6:      layout_basic, minmay_temple_entry_nine_rooms, basic_altar,
          minmay_statues_item

Skill      XL: |  1  2  3  4  5  6  7  8 |
---------------+-------------------------+-----
Stealth        | 2 3 |  3.0
Dodging        | 2 3 4 |  4.8
Short Blades   | 1 |  1.0
Fire Magic     | 4 3 4 5 |  5.0
Conjurations   | 2 3 4 5 |  5.2
Fighting       | 1 3 |  3.0
Spellcasting   | 3 |  3.0

Action                   |  1- 3 |  4- 6 |  7- 9 || total
-------------------------+-------+-------+-------++-------
Melee: Short sword       |     5 |       |       ||     5
       Dagger            |    12 |     4 |   230 ||   246
       Tailslap          |       |     1 |    22 ||    23
 Cast: Foxfire           |    55 |   140 |   117 ||   312
       Sandblast         |       |       |    34 ||    34
 Abil: Breathe Frost     |       |       |     6 ||     6
Evoke: Wand              |       |     7 |       ||     7
  Use: Potion            |       |     1 |     1 ||     2
 Stab: Sleeping          |       |       |     4 ||     4
  Eat: Chunk             |     3 |     9 |     8 ||    20
       Ration            |       |       |     1 ||     1
Armor: Skin              |    13 |    31 |   127 ||   171
Dodge: Dodged            |    20 |    48 |   161 ||   229
